cohdb
Replays
Latest Replays
All Replays
Popular Replays
Top Player Replays
Match Explorer
How It Works
Community
CoH3 Stats
Reddit
Sign in to upload your games and track your stats! →
Sign in with Steam
Match 45436686
Unlisted
Match 45436686
Overview
Messages
Build Orders
End
Construct Infanterie Kompanie
Kettenkrad Recon Vehicle
Pioneer Squad
Selects Terror Battlegroup
Selects Machine Gun Camouflage
MG 42 Machine Gun Team
Grenadier Squad
GrW 34 Mortar Team
Grenadier Squad
Selects Contempt for the Weak
Construct Panzergrenadier Kompanie
Medical Station
Panzergrenadier Squad
Panzergrenadier Officer Quarters
Panzergrenadier Squad
Pak 40 Anti-tank Gun Team
Pak 40 Anti-tank Gun Team
Selects Propaganda Leaflet Drop
Propaganda Leaflet Drop
Construct Panzer Kompanie
Panzer IV Medium Tank
Panzer Officer Quarters
Eisenkreuzkrieger
JJB34
0
0
Comments
sign in to comment!
No comments posted yet!